Map: Echo LE (Void)

Players

Proletarier - Winner!

  • Race: Terran Terran

Shamanas - Winner!

  • Race: Terran Terran

Burns

  • Race: Zerg Zerg

etsharry

  • Race: Zerg Zerg

VOD

Have the link to the VOD?

Description

Time

  • Played on: May 1, 2015, 10:41 a.m.
  • Length: 16:37
Show
View Real Time Build Order
Export as new Build Order

Proletarier Terran - Winner!

Build Orders: Reaper Expand, Mech 

Get SALT Encoding   

  12  0:02  SCV  
  13  0:14  SCV  
  14  0:18  Supply Depot  
  14  0:26  SCV  
  15  0:41  Barracks  
  15  0:44  Refinery  
  15  0:46  SCV  
  16  0:59  SCV  
  17  1:10  Supply Depot  
  17  1:11  SCV  
  18  1:28  Orbital Command  
  18  1:29  Reaper  
  19  1:56  SCV  
  19  1:57  Command Center  
  19  2:01  Marine  
  21  2:14  SCV  
  22  2:26  Barracks Reactor  
  22  2:27  Bunker  
  22  2:29  SCV  
  23  2:31  Factory  
  23  2:33  Refinery  
  22  2:42  SCV  
  22  2:59  SCV, Bunker  
  22  3:04  Marine  
  22  3:05  Marine  
  25  3:07  Command Center  
  25  3:12  Supply Depot  
  25  3:13  SCV  
  25  3:17  Factory Tech Lab  
  26  3:24  Marine x2  
  28  3:27  SCV  
  29  3:37  Orbital Command  
  29  3:50  Factory  
  29  3:53  Cyclone  
  29  3:55  SCV  
  32  4:05  SCV  
  32  4:07  SCV  
  32  4:08  Refinery  
  34  4:17  Starport  
  34  4:19  SCV  
  34  4:23  Orbital Command  
  35  4:26  SCV  
  36  4:31  SCV  
  36  4:36  Cyclone  
  36  4:38  SCV  
  41  4:43  Hellion x2  
  41  4:44  SCV  
  46  4:53  SCV x2, Refinery  
  46  4:55  Starport Tech Lab  
  46  4:57  SCV  
  49  5:00  Armory  
  49  5:05  SCV  
  49  5:06  SCV  
  51  5:09  SCV  
  51  5:12  Cyclone  
  51  5:13  Hellion  
  57  5:17  Hellion  
  57  5:18  SCV  
  57  5:31  Banshee  
  57  5:33  Cloaking Field  
  57  5:34  SCV x2, Orbital Command  
  62  5:44  Hellion  
  62  5:45  Hellion, Factory  
  62  5:46  SCV  
  62  5:47  SCV  
  68  5:58  SCV  
  68  6:03  Supply Depot x3  
  69  6:12  Infernal Pre-Igniter  
  69  6:24  Thor, Hellion x2, SCV x3  
  82  6:28  Supply Depot, Factory Tech Lab  
  82  6:32  Refinery  
  82  6:36  SCV x3  
  82  6:44  Starport  
  82  6:46  Starport  
  77  6:48  SCV x3  
  77  6:50  Hellbat  
  77  6:51  Hellbat  
  77  6:53  Cyclone  
  85  6:56  Refinery  
  81  7:07  SCV x2  
  79  7:15  Missile Turret  
  79  7:21  Missile Turret  
  79  7:23  SCV x3  
  79  7:24  Missile Turret  
  79  7:25  Missile Turret  
  79  7:27  Starport Tech Lab, Starport Reactor  
  79  7:29  Terran Vehicle and Ship Weapons Level 1, Missile Turret  
  82  7:30  Missile Turret  
  82  7:31  Thor  
  82  7:33  Hellbat x2  
  82  7:35  SCV  
  93  7:40  Thor  
  99  7:51  Viking, Missile Turret  
  98  7:52  Viking  
  98  7:55  Missile Turret  
  100  8:01  SCV, Missile Turret  
  100  8:02  Armory  
  101  8:09  Supply Depot  
  101  8:11  Supply Depot  
  101  8:13  Supply Depot  
  101  8:22  Missile Turret  
  101  8:24  SCV  
  97  8:40  Viking x4  
  101  8:42  Thor x2, Hellbat  
  101  8:47  SCV x3  
  118  8:59  Terran Vehicle And Ship Armor Level 1  
  115  9:18  Viking x3, Engineering Bay  
  115  9:19  Viking  
  115  9:20  Hellbat  
  115  9:23  Supply Depot, Missile Turret  
  115  9:24  Command Center  
  125  9:34  Terran Vehicle and Ship Weapons Level 2  
  125  9:48  Viking  
  126  9:54  Missile Turret  
  126  9:56  Refinery  
  126  9:57  Banshee x2  
  126  9:59  Hellion  
  132  10:08  Fusion Core  
  132  10:11  Supply Depot  
  132  10:13  Supply Depot  
  132  10:15  Supply Depot  
  132  10:17  Supply Depot, Refinery  
  132  10:31  Hi-Sec Auto Tracking  
  132  10:32  Viking x2  
  132  10:33  Hellbat x2  
  132  10:34  Thor  
  132  10:35  Thor  
  152  10:41  Planetary Fortress  
  152  10:44  SCV x3  
  152  10:49  Banshee x2  
  155  10:51  Supply Depot  
  155  10:52  Supply Depot  
  155  10:53  Terran Vehicle And Ship Armor Level 2, Supply Depot  
  155  10:55  Unknown  
  158  11:02  Hyperflight Rotors  
  155  11:06  Hellion x2  
  157  11:22  SCV x3  
  147  11:36  Cyclone x2  
  147  11:37  Banshee x2, Hellion x2  
  115  11:48  Viking x2  
  115  11:53  SCV  
  118  12:01  Hellion  
  118  12:02  Hellion  
  118  12:08  Command Center  
  122  12:15  Cyclone x2  
  128  12:20  SCV x2  
  130  12:23  Raven  
  130  12:26  Raven  
  130  12:28  Missile Turret  
  134  12:32  Refinery  
  134  12:36  Refinery  
  134  12:39  Supply Depot  
  134  12:44  Terran Vehicle and Ship Weapons Level 3  
  134  12:52  Missile Turret  
  134  12:57  Starport  
  134  13:04  Starport x2  
  134  13:06  Raven  
  134  13:07  Hellion x6  
  134  13:09  Viking x2  
  140  13:16  Hellion x3  
  146  13:20  Planetary Fortress  
  146  13:29  Terran Vehicle And Ship Armor Level 3  
  146  13:31  Hellion x3  
  146  13:43  Starport Tech Lab x3  
  130  13:57  Thor  
  130  13:58  Thor  
  130  13:59  Hellion x2  
  130  14:00  Viking  
  146  14:08  Command Center  
  146  14:18  Battlecruiser  
  152  14:26  Command Center, Battlecruiser  
  158  14:37  Viking x2  
  158  14:46  Siege Tank  
  158  14:47  Siege Tank  
  164  14:58  Hellbat x2  
  164  14:59  Battlecruiser  
  174  15:04  Viking  
  176  15:08  Viking x2  
  177  15:20  Orbital Command  
  162  15:23  SCV x3  
  163  15:28  Viking x2  
  163  15:30  Hellbat x2  
  171  15:41  Missile Turret  
  171  15:42  Viking  
  164  15:45  Refinery  
  160  15:58  Planetary Fortress  
  160  15:59  SCV x2  
  161  16:07  Refinery  
  161  16:08  Missile Turret  
  161  16:12  Missile Turret  
Show
View Real Time Build Order
Export as new Build Order

Shamanas Terran - Winner!

Build Orders:  

Get SALT Encoding   

  12  0:01  Drone  
  13  0:16  Overlord  
  13  0:19  Drone  
  14  0:34  Drone  
  15  0:49  Hatchery  
  14  0:50  Drone  
  14  0:54  Drone  
  16  1:11  Spawning Pool  
  15  1:12  Drone  
  15  1:16  Drone  
  17  1:20  Drone  
  18  1:26  Extractor  
  18  1:30  Drone  
  18  1:44  Overlord  
  18  1:52  Drone  
  19  1:58  Queen  
  19  2:01  Queen  
  20  2:02  Zergling x2  
  20  2:05  Zergling x2  
  23  2:09  Extractor  
  22  2:20  Drone x2  
  25  2:27  Metabolic Boost  
  25  2:36  Extractor  
  23  2:47  Queen  
  26  2:53  Drone  
  26  2:59  Drone x2  
  26  3:00  Drone x3  
  31  3:12  Drone x3  
  34  3:23  Hatchery  
  33  3:27  Drone  
  33  3:28  Drone  
  33  3:34  Drone  
  35  3:35  Overlord  
  35  3:48  Zergling x2  
  35  3:50  Overlord  
  35  3:55  Drone x3  
  38  3:56  Drone x4, Extractor  
  38  3:57  Drone  
  43  4:11  Drone x4  
  47  4:17  Evolution Chamber  
  47  4:18  Evolution Chamber  
  45  4:24  Overlord  
  45  4:31  Drone x3  
  45  4:32  Drone x3  
  45  4:35  Lair  
  45  4:38  Extractor  
  50  4:39  Extractor  
  50  4:43  Drone x2  
  51  4:46  Zerg Ground Armor Level 1  
  51  4:57  Zergling x10  
  51  4:58  Zergling x6  
  58  5:01  Zerg Melee Weapons Level 1  
  56  5:10  Queen  
  56  5:12  Drone x3  
  56  5:13  Drone x2  
  63  5:25  Drone x3  
  66  5:29  Overlord  
  66  5:35  Drone, Spire  
  65  5:45  Extractor  
  65  5:47  Extractor, Queen  
  65  5:55  Drone x4  
  65  5:56  Drone x5  
  72  6:00  Drone x2  
  72  6:01  Overlord x3  
  69  6:05  Zergling x4  
  69  6:10  Zergling x6  
  72  6:20  Zergling x8  
  72  6:22  Zergling x2  
  74  6:27  Spine Crawler  
  67  6:33  Zergling x6  
  67  6:34  Zergling x14  
  73  6:47  Drone x3  
  71  6:55  Queen  
  71  6:56  Drone x3  
  71  6:58  Zerg Flyer Weapons Level 1  
  74  7:14  Mutalisk x9  
  92  7:19  Spore Crawler  
  92  7:20  Spore Crawler  
  92  7:21  Spore Crawler  
  92  7:22  Drone  
  88  7:23  Drone  
  87  7:30  Mutalisk x2  
  87  7:35  Zerg Melee Weapons Level 2  
  88  7:51  Drone x3  
  90  7:53  Zerg Ground Armor Level 2  
  90  7:56  Drone x2  
  92  7:59  Drone x3  
  92  8:02  Drone x2  
  97  8:30  Hatchery  
  92  8:37  Drone x2  
  84  8:41  Baneling Nest  
  84  8:47  Hydralisk Den  
  82  8:49  Overlord  
  82  8:50  Overlord  
  82  8:52  Drone  
  82  8:53  Drone, Zerg Flyer Weapons Level 2  
  84  9:02  Lurker Den  
  84  9:08  Queen  
  84  9:22  Hydralisk  
  84  9:23  Hydralisk x7  
  100  9:35  Overlord  
  100  9:42  Queen  
  100  9:43  Drone x5  
  107  9:49  Hatchery  
  106  10:00  Zergling x2  
  106  10:01  Zergling x14  
  112  10:11  Zergling x20  
  120  10:14  Overlord x4  
  120  10:22  Baneling  
  120  10:32  Overlord x2  
  120  10:34  Lurker x3  
  120  10:35  Lurker x5  
  126  10:37  Burrow  
  106  10:56  Hatchery  
  105  11:03  Hydralisk x5  
  113  11:08  Zerg Missile Weapons Level 1  
  112  11:11  Muscular Augments  
  112  11:12  Infestation Pit  
  112  11:13  Hatchery  
  108  11:20  Hydralisk x3  
  115  11:30  Spore Crawler, Extractor  
  106  11:33  Extractor  
  85  11:44  Overseer  
  85  11:47  Spore Crawler  
  72  11:48  Spore Crawler  
  72  11:49  Spore Crawler  
  72  11:50  Spore Crawler  
  67  12:06  Hatchery  
  67  12:08  Drone x5  
  69  12:09  Drone x6  
  69  12:10  Drone x3  
  82  12:30  Lurker x7  
  82  12:35  Hive  
  82  12:36  Drone  
  82  12:37  Drone x3  
  91  12:45  Drone x2  
  91  12:46  Drone x3  
  96  13:10  Drone  
  96  13:11  Spine Crawler  
  96  13:14  Queen  
  96  13:17  Overlord x2  
  98  13:22  Zerg Flyer Armor Level 1  
  98  13:23  Hydralisk x3  
  104  13:29  Corruptor x2  
  108  13:41  Corruptor x3  
  114  13:52  Corruptor  
  114  13:53  Corruptor x2  
  112  14:01  Hydralisk  
  110  14:10  Corruptor x2  
  110  14:13  Corruptor  
  110  14:14  Corruptor  
  112  14:24  Corruptor  
  112  14:25  Corruptor x2  
  109  14:36  Corruptor  
  109  14:37  Corruptor x2  
  105  14:59  Corruptor x4  
  105  15:17  Zergling x28  
  105  15:18  Zergling x4  
  76  15:36  Zergling x6  
  55  15:49  Drone x3  
Show
View Real Time Build Order
Export as new Build Order

Burns Zerg 

Build Orders:  

Get SALT Encoding   

Show
View Real Time Build Order
Export as new Build Order

etsharry Zerg 

Build Orders:  

Get SALT Encoding   

Tags
 
Composition
Mech
Replay Pack
Lotv Pack #1
Add a new tag
Caveats
  • Supply blocks, unpowered buildings, or Contaminate may cause inaccurate times.
  • Supply counts are checked every 10 seconds.